AoeStats
← ELPROFE

Black Forest

506486901Analyzed
4v4 RM · 19d ago on Sep 13, 2026· 51m 29s· 8 players
Game mode
Random Map
Map size
Large (8 player)
Population
200
Speed
Normal
Resources
Standard
Victory
Conquest
Starting age
Dark Age
Ending age
Imperial Age
RankedLock teamsTeams togetherTeam positionsShared explorationLock speedFull tech treeHidden civsTurbo modeCheats
Victory
Defeat
🇫🇷 Teutons · France
812
+12
🇺🇸 Japanese · United States
807
+12
🇩🇪 Romans · Germany
785
+13
🇪🇪 Franks · Estonia
645
+19
🇵🇪 Khmer · Peru
736
-15
🇵🇪 Cumans · Peru
725
-14
🇵🇪 Persians · Peru
725
-14
🇹🇷 Cumans · Türkiye
690
-13
FLOW
13:04 Feudal Age
16:43 Double-Bit Axe
19:10 Wheelbarrow
18:20 Horse Collar
19:30 Wheelbarrow
22:34 Castle Age
23:25 Forging
23:20 Scale Barding Armor
23:38 Bow Saw
26:37 Hand Cart
26:30 Gold Mining
27:43 Bloodlines
26:53 Light Cavalry
28:26 Gold Shaft Mining
28:42 Iron Casting
28:27 Chain Barding Armor
34:45 Stone Mining
38:34 Imperial Age
36:44 Steppe Husbandry
37:35 Caravan
40:17 Two-Man Saw
39:22 Heavy Plow
39:21 Loom
40:25 Elite Steppe Lancer
42:09 Blast Furnace
41:44 Plate Barding Armor
46:05 Chemistry
45:27 Ballistics
Oguz CareVia
2:49 Loom
14:16 Feudal Age
18:29 Double-Bit Axe
20:42 Bloodlines
34:43 Fishing Lines
39:46 Stone Mining
39:47 Gold Mining
42:29 Horse Collar
49:57 Castle Age
48:53 Wheelbarrow
49:01 Wheelbarrow
BodakYellow
11:54 Feudal Age
12:41 Loom
16:20 Castle Age
28:15 Gold Mining
28:15 Stone Mining
29:21 Wheelbarrow
30:49 Gold Shaft Mining
30:49 Stone Shaft Mining
31:39 Hand Cart
33:53 Double-Bit Axe
33:51 Horse Collar
34:51 Stone Shaft Mining
37:18 Imperial Age
34:35 Town Watch
35:50 Town Patrol
36:07 Masonry
37:43 Bloodlines
37:34 Husbandry
36:57 Cavalier
38:23 Forging
38:19 Scale Barding Armor
38:41 Savar
41:39 Chemistry
41:10 Architecture
44:48 Squires
44:33 Gambesons
44:34 Arson
44:09 Pikeman
ELPROFE
10:50 Feudal Age
11:45 Gold Mining
13:52 Loom
16:10 Stone Mining
16:08 Double-Bit Axe
16:32 Horse Collar
25:49 Castle Age
25:03 Wheelbarrow
29:16 Imperial Age
27:03 Bow Saw
27:48 Gold Shaft Mining
30:47 Hand Cart
31:36 Double Crossbow
33:15 Scale Barding Armor
33:22 Forging
36:32 Light Cavalry
37:26 Bloodlines
37:12 Heavy Scorpion
38:12 Hussar
40:43 Chain Barding Armor
40:58 Iron Casting
43:48 Chemistry
43:54 Caravan
48:41 Siege Engineers
48:58 Ballistics
marwenskio
11:55 Feudal Age
16:11 Castle Age
16:35 Double-Bit Axe
16:34 Horse Collar
18:12 Bow Saw
20:10 Wheelbarrow
19:21 Town Watch
19:21 Loom
19:48 Heavy Plow
24:42 Hand Cart
27:35 Gold Mining
27:36 Stone Mining
28:27 Yasama
33:14 Imperial Age
32:03 Scale Mail Armor
32:13 Forging
33:02 Town Patrol
33:27 Elite Samurai
34:55 Gold Shaft Mining
35:45 Chain Mail Armor
36:06 Iron Casting
37:12 Plate Mail Armor
39:32 Blast Furnace
41:28 Kataparuto
42:08 Heavy Cavalry Archer
43:13 Parthian Tactics
42:54 Thumb Ring
44:06 Padded Archer Armor
43:56 Fletching
45:10 Chemistry
44:31 Ballistics
45:06 Leather Archer Armor
46:53 Bodkin Arrow
47:28 Ring Archer Armor
48:10 Bracer
50:17 Masonry
50:03 Arrowslits
kaktusmees
12:34 Feudal Age
13:50 Wheelbarrow
13:05 Double-Bit Axe
15:57 Gold Mining
18:17 Stone Mining
21:04 Castle Age
22:09 Hand Cart
22:09 Bow Saw
22:38 Gold Shaft Mining
22:13 Caravan
24:17 Town Watch
31:24 Imperial Age
28:59 Town Patrol
29:47 Fortified Wall
29:49 Masonry
30:04 Ballistics
31:20 Fletching
31:43 Cavalier
31:54 Elite Throwing Axeman
33:11 Hoardings
32:57 Conscription
34:23 #83
34:47 Architecture
34:19 Bodkin Arrow
34:35 Forging
34:26 Scale Mail Armor
34:38 Scale Barding Armor
35:21 Siege Engineers
37:05 Paladin
37:45 Husbandry
38:04 Murder Holes
38:48 Iron Casting
38:29 Chain Mail Armor
38:30 Chivalry
39:03 Chain Barding Armor
42:28 Plate Mail Armor
48:52 Blast Furnace
48:37 Plate Barding Armor
Zkittlez
1:49 Loom
12:45 Feudal Age
13:54 Double-Bit Axe
14:28 Man-at-Arms
15:19 Horse Collar
18:45 Wheelbarrow
21:41 Gold Mining
21:55 Scale Mail Armor
22:08 Forging
24:48 Castle Age
26:23 Hand Cart
27:55 Bow Saw
30:38 Caravan
33:13 Stone Mining
34:22 Gold Shaft Mining
39:06 Imperial Age
37:03 Scale Barding Armor
38:09 Iron Casting
38:08 Heavy Plow
39:40 Elite Centurion
40:42 Conscription
40:59 Comitatenses
41:55 Blast Furnace
41:16 Chain Barding Armor
44:11 Plate Barding Armor
mick
1:24 Loom
17:36 Feudal Age
19:34 Wheelbarrow
23:12 Castle Age
21:34 Stone Mining
21:35 Gold Mining
22:23 Forging
22:21 Scale Mail Armor
24:45 Hand Cart
24:20 Double-Bit Axe
24:19 Horse Collar
27:38 Bow Saw
27:34 Heavy Plow
34:34 Imperial Age
34:21 Pikeman
35:02 Squires
34:49 Arson
36:06 Iron Casting
35:33 Padded Archer Armor
36:58 Stone Shaft Mining
38:43 Blast Furnace
39:49 Chain Mail Armor
39:40 Scale Barding Armor
39:37 Padded Archer Armor
40:07 Ironclad
39:48 Halberdier
40:33 Fletching
41:47 Ballistics
42:28 Chemistry
41:41 Fortified Wall
44:22 Leather Archer Armor
47:42 Caravan
48:54 Two-Man Saw
48:30 Crop Rotation
49:12 Plate Mail Armor
49:13 Ring Archer Armor
Connection lost

Rejoining the realm…

Still unreachable

The connection could not be restored.

Session expired

The server has moved on; the page needs a fresh start.